 Dungeon Crawl Stone Soup version 0.22.1-2-g9c5b331383 (webtiles) character file.

183 McIrco the Shield-Bearer (level 5, -7/33 HPs)
             Began as a Gargoyle Fighter on Jan 6, 2019.
             Killed by divine providence
             ... invoked by an orc priest
              (12 damage)
             ... on level 3 of the Dungeon.
             The game lasted 00:04:24 (2396 turns).

McIrco the Shield-Bearer (Gargoyle Fighter)         Turns: 2396, Time: 00:04:25

Health: -7/33      AC: 12    Str: 19    XL:     5   Next: 62%
Magic:  5/5        EV:  6    Int:  9    God:
Gold:   153        SH: 14    Dex: 13    Spells: 4/4 levels left

rFire    . . .     SeeInvis .   a - +0 long sword
rCold    . . .     Gourm    .   o - +0 large shield
rNeg     + . .     Faith    .   b - +0 scale mail
rPois    ∞         Spirit   .   (no helmet)
rElec    +         Reflect  .   (no cloak)
rCorr    .         Harm     .   (no gloves)
MR       .....                  e - +0 pair of boots
Stlth    ..........             r - amulet of the acrobat
HPRegen  0.11/turn              k - +3 ring of dexterity
MPRegen  0.09/turn              (no ring)

@: no status effects
A: negative energy resistance 1, electricity resistance, unbreathing,
petrification resistance, rot immunity, AC +4
a: no special abilities


You were on level 3 of the Dungeon.
You were not hungry.

You visited 1 branch of the dungeon, and saw 3 of its levels.

You collected 153 gold pieces.

Inventory:

Hand Weapons
 a - a +0 long sword (weapon)
Armour
 b - a +0 scale mail (worn)
 c - a +0 shield
 e - a +0 pair of boots (worn)
 o - a +0 large shield (worn)
Jewellery
 k - a +3 ring of dexterity (left hand)
 r - an amulet of the acrobat (around neck)
Scrolls
 g - a scroll of fear {unknown}
 h - 2 scrolls of magic mapping {unknown}
 j - 2 scrolls of teleportation {unknown}
 l - 4 scrolls of identify {unknown}
 q - a scroll of immolation {unknown}
 u - a scroll of enchant weapon {unknown}
Potions
 d - 2 potions of might
 i - a potion of ambrosia {unknown}
 m - a potion of haste {unknown}
 n - a potion of mutation {unknown}
 p - 3 potions of invisibility {unknown}
 s - a potion of curing {unknown}
 t - 2 potions of degeneration {unknown}
 v - a potion of brilliance {unknown}
Comestibles
 f - 8 rations


   Skills:
 + Level 4.0 Fighting
 + Level 2.8 Long Blades
 * Level 4.0 Armour
 * Level 1.2 Dodging
 * Level 4.7 Shields


You had 4 spell levels left.
You didn't know any spells.
Your spell library was empty.

Dungeon Overview and Level Annotations

Branches:
Dungeon (3/15)

Altars:
Ashenzari
Dithmenos


Innate Abilities, Weirdness & Mutations

You are resistant to torment.
Your stone body is resilient. (AC +4)
You are immune to poison.
You resist negative energy. (rN+)
You are resistant to electric shocks. (rElec)
You can survive without breathing.
You are immune to petrification.
You are immune to rotting.


Message History

You completely miss the orc. You block the orc's attack.
You hit the orc.
The orc is almost dead.
You block the orc's attack.
You hit the orc.
You kill the orc!
The orc priest invokes the aid of Beogh against you.
Beogh smites you!
* * * LOW HITPOINT WARNING * * *
The adder bites you but does no damage.
You closely miss the adder. You block the adder's attack.
The adder bites you but does no damage.
You closely miss the adder. You block the adder's attack.
The orc wizard mumbles some strange words.
The orc wizard flickers and vanishes!
The adder bites you but does no damage.
You hit the adder.
The adder is moderately wounded.
The orc priest invokes the aid of Beogh against you.
Beogh smites you!
You die...

.........#..............
.......#.#.....................
.....###.........####...........
.....# #########.# #...........
.....###.†..##...# #.........###
.....#...##.##.######............
.....#..>##.##.#o{..#...........#
.....#...##....#S##.#............
.....#...+...###@##.oo....o.....#
.....#...###(########.........###
.....#...# #.(.).#....S.{....#...
########## #####.#.#.#...#'#.+...
#...#.#####.#.#... ##....#
#...##.# #.########...†o.#
#..........###..# #..#########
##..


You could see an orc priest and an adder.

Vanquished Creatures
  A worker ant (D:2)
  6 adders
  3 worms (D:2)
  4 dart slugs
  2 leopard geckos (D:1)
  9 orcs (D:3)
  8 bats
  3 giant cockroaches
  5 goblins
  9 hobgoblins
  2 jackals (D:3)
  2 ball pythons (D:2)
  3 frilled lizards
  12 kobolds
  11 rats
80 creatures vanquished.

Vanquished Creatures (others)
  4 plants (D:1)
4 creatures vanquished.

Grand Total: 84 creatures vanquished

Notes
Turn   | Place    | Note
-------+----------+-------------------------------------------
     0 | D:1      | McIrco the Gargoyle Fighter began the quest for the Orb.
     0 | D:1      | Reached XP level 1. HP: 14/14 MP: 1/1
    28 | D:1      | Reached XP level 2. HP: 18/19 MP: 2/2
   257 | D:1      | Reached XP level 3. HP: 22/24 MP: 3/3
  1119 | D:2      | Reached XP level 4. HP: 12/29 MP: 4/4
  1576 | D:2      | Reached skill level 1 in Dodging
  1938 | D:3      | Found a shadowy altar of Dithmenos.
  1974 | D:3      | Reached XP level 5. HP: 32/33 MP: 5/5
  2360 | D:3      | Found a shattered altar of Ashenzari.
  2396 | D:3      | Killed from afar by an orc priest

Skill      XL: |  1  2  3  4  5 |
---------------+----------------+-----
Long Blades    | 2 |  2.8
Shields        | 4 |  4.7
Dodging        | 1 |  1.2
Armour         | 4 |  4.0
Fighting       | 4 |  4.0

Action                   |  1- 3 |  4- 6 || total
-------------------------+-------+-------++-------
Melee: Long sword        |   148 |   192 ||   340
  Eat: Chunk             |       |     6 ||     6
Armor: Scale mail        |    91 |    85 ||   176
Dodge: Dodged            |    47 |    37 ||    84
Block: Shield            |    95 |    20 ||   115
       Large shield      |       |   139 ||   139
       Rpst.: Long sword |    13 |    12 ||    25
